 Dungeon Crawl Stone Soup version 0.25-a0-643-g3cd4bd2 (webtiles) character file.

Game seed: 15384025700695876683, levelgen mode: deterministic

109 Faels the Magician (level 4, -11/41 HPs)
             Began as a Gnoll Wanderer on Mar 20, 2020.
             Mangled by a two-headed ogre
             ... wielding a +0 giant club
              (13 damage)
             ... on level 3 of the Dungeon.
             The game lasted 00:04:34 (2078 turns).

Faels the Magician (Gnoll Wanderer)                 Turns: 2078, Time: 00:04:35

Health: -11/41     AC:  7    Str: 14    XL:     4   Next: 89%
Magic:  13/13      EV:  9    Int: 14    God:
Gold:   141        SH:  0    Dex: 16    Spells: 17/17 levels left

rFire    . . .     SeeInvis .   a - +2 falchion
rCold    . . .     Gourm    .   (no shield)
rNeg     . . .     Faith    .   d - +0 scale mail
rPois    .         Spirit   .   r - +0 helmet
rElec    .         Reflect  .   (no cloak)
rCorr    .         Harm     .   (no gloves)
MR       .....                  (no boots)
Stlth    +.........             (no amulet)
HPRegen  0.13/turn              (no ring)
MPRegen  0.13/turn              (no ring)

@: no status effects
A: distributed training, fangs 1, strong nose
a: no special abilities


You were on level 3 of the Dungeon.
You were not hungry.

You visited 1 branch of the dungeon, and saw 3 of its levels.

You collected 141 gold pieces.

Inventory:

Hand Weapons
 a - a +2 falchion (weapon)
 q - a +4 dagger
Missiles
 g - 3 silver javelins (quivered)
Armour
 d - a +0 scale mail (worn)
 o - a +0 leather armour
 r - a +0 helmet (worn)
Scrolls
 b - 3 scrolls of teleportation
 e - 2 scrolls of remove curse {unknown}
 h - 2 scrolls of identify
 i - 2 scrolls of immolation
 k - a scroll of enchant armour {unknown}
 l - a scroll of random uselessness {unknown}
 n - a scroll of fear {unknown}
Potions
 c - a potion of lignification
 j - a potion of cancellation {unknown}
Comestibles
 f - 4 rations
 m - 3 chunks of flesh


   Skills:
 + Level 6.6 Fighting
 + Level 1.2 Short Blades
 + Level 4.7 Long Blades
 + Level 1.2 Axes
 + Level 1.2 Maces & Flails
 + Level 1.2 Polearms
 + Level 1.2 Staves
 + Level 1.2 Slings
 + Level 1.2 Bows
 + Level 1.2 Crossbows
 + Level 2.8 Throwing
 + Level 1.2 Armour
 + Level 1.2 Dodging
 + Level 2.6 Stealth
 + Level 1.2 Shields
 + Level 1.2 Unarmed Combat
 + Level 7.2 Spellcasting
 + Level 1.0 Conjurations
 + Level 1.0 Hexes
 + Level 1.0 Charms
 + Level 1.0 Summonings
 + Level 1.0 Necromancy
 + Level 1.0 Translocations
 + Level 1.0 Transmutations
 + Level 1.0 Fire Magic
 + Level 1.0 Ice Magic
 + Level 1.0 Air Magic
 + Level 1.0 Earth Magic
 + Level 1.0 Poison Magic
 + Level 1.3 Invocations
 + Level 1.2 Evocations


You had 17 spell levels left.
You didn't know any spells.
Your spell library was empty.

Dungeon Overview and Level Annotations

Branches:
Dungeon (3/15)

Altars:


Innate Abilities, Weirdness & Mutations

Your experience applies equally to all skills.
You have very sharp teeth.
Your uncanny sense of smell can sniff out nearby items.


Message History

Throwing (i - inventory)
g - 4 silver javelins (quivered)
Press: ? - help, Shift-Dir - straight line You throw a silver javelin.
The silver javelin pierces through the two-headed ogre but does no damage.
The two-headed ogre is lightly wounded.
The two-headed ogre hits you with a +0 giant club.
The two-headed ogre hits you with a +0 dire flail.
The two-headed ogre hits you with a +0 giant club!!
Ouch! That really hurt!
* * * LOW HITPOINT WARNING * * *
The two-headed ogre hits you with a +0 dire flail.
* * * LOW HITPOINT WARNING * * *
Okay, then.
As you read the scroll labeled DAUFI ROVVO, it crumbles to dust.
It is a scroll of identify.
i - 2 scrolls of immolation The two-headed ogre hits you with a +0 giant club.
* * * LOW HITPOINT WARNING * * *
The two-headed ogre hits you with a +0 dire flail!
You die...

#.# #.# #.. ...
#<# #.# ### #.#
... ##.. #.# #.#
.#8.. #.# #.#
#.#... #.#
#.##..#...
#.#######.#..©#%..
#.@O........(.#$..
#########..##.#...
#..# 8.. ...# .
..... ....... ∆
##.....## ##...##


You could see a two-headed ogre.

Vanquished Creatures
  Terence (D:2)
  Robin (D:2)
  An adder (D:2)
  A dart slug (D:2)
  2 worms
  3 leopard geckos
  An orc (D:2)
  A giant cockroach (D:1)
  8 goblins (D:2)
  10 hobgoblins
  4 jackals (D:2)
  11 kobolds
  A bat (D:1)
  3 rats
48 creatures vanquished.

Notes
Turn   | Place    | Note
-------+----------+-------------------------------------------
     0 | D:1      | Faels the Gnoll Wanderer began the quest for the Orb.
     0 | D:1      | Faels set off with the following items: a +2 falchion, a
                  | scroll of teleportation, a potion of lignification, a +0
                  | robe, a ration
     0 | D:1      | Reached XP level 1. HP: 23/23 MP: 8/8
   110 | D:1      | Reached XP level 2. HP: 29/29 MP: 10/10
   811 | D:2      | Reached XP level 3. HP: 35/35 MP: 11/11
   813 | D:2      | Noticed Robin
   825 | D:2      | Killed Robin
   825 | D:2      | Reached skill level 1 in Invocations
  1132 | D:2      | Reached skill level 1 in Short Blades
  1132 | D:2      | Reached skill level 1 in Axes
  1132 | D:2      | Reached skill level 1 in Maces & Flails
  1132 | D:2      | Reached skill level 1 in Polearms
  1132 | D:2      | Reached skill level 1 in Staves
  1132 | D:2      | Reached skill level 1 in Slings
  1132 | D:2      | Reached skill level 1 in Bows
  1132 | D:2      | Reached skill level 1 in Crossbows
  1132 | D:2      | Reached skill level 1 in Armour
  1132 | D:2      | Reached skill level 1 in Dodging
  1132 | D:2      | Reached skill level 1 in Shields
  1132 | D:2      | Reached skill level 1 in Unarmed Combat
  1132 | D:2      | Reached skill level 1 in Evocations
  1342 | D:2      | Reached XP level 4. HP: 39/41 MP: 13/13
  1423 | D:2      | Noticed Terence
  1438 | D:2      | Killed Terence
  1552 | D:2      | Reached skill level 1 in Conjurations
  1552 | D:2      | Reached skill level 1 in Hexes
  1552 | D:2      | Reached skill level 1 in Charms
  1552 | D:2      | Reached skill level 1 in Summonings
  1552 | D:2      | Reached skill level 1 in Necromancy
  1552 | D:2      | Reached skill level 1 in Translocations
  1552 | D:2      | Reached skill level 1 in Transmutations
  1552 | D:2      | Reached skill level 1 in Fire Magic
  1552 | D:2      | Reached skill level 1 in Ice Magic
  1552 | D:2      | Reached skill level 1 in Air Magic
  1552 | D:2      | Reached skill level 1 in Earth Magic
  1552 | D:2      | Reached skill level 1 in Poison Magic
  2066 | D:3      | Noticed a two-headed ogre
  2078 | D:3      | HP: 2/41 [two-headed ogre/+0 giant club (6)]
  2078 | D:3      | Mangled by a two-headed ogre

Levels and vault maps discovered:
D:1:      dpeg_arrival_rooms_b, layout_rooms, minmay_misc_feat_plants,
          lemuel_flame_loot_1
D:2:      layout_loops_ring, first_ration, kennysheep_pointless_box,
          uniq_terence, uniq_robin
D:3:      layout_loops_ring, gammafunk_ghost_arena, serial_bayou,
          serial_bayou_pond_e, serial_bayou_lagoon_a, serial_bayou_pond_d,
          serial_bayou_pond_d

Skill      XL: |  1  2  3  4 |
---------------+-------------+-----
Invocations    | 1 |  1.3
Short Blades   | 1 |  1.2
Axes           | 1 |  1.2
Maces & Flails | 1 |  1.2
Polearms       | 1 |  1.2
Staves         | 1 |  1.2
Slings         | 1 |  1.2
Bows           | 1 |  1.2
Crossbows      | 1 |  1.2
Armour         | 1 |  1.2
Dodging        | 1 |  1.2
Shields        | 1 |  1.2
Unarmed Combat | 1 |  1.2
Evocations     | 1 |  1.2
Conjurations   | 1 |  1.0
Hexes          | 1 |  1.0
Charms         | 1 |  1.0
Summonings     | 1 |  1.0
Necromancy     | 1 |  1.0
Translocations | 1 |  1.0
Transmutations | 1 |  1.0
Fire Magic     | 1 |  1.0
Ice Magic      | 1 |  1.0
Air Magic      | 1 |  1.0
Earth Magic    | 1 |  1.0
Poison Magic   | 1 |  1.0
Fighting       | |  6.6
Long Blades    | |  4.7
Throwing       | |  2.8
Stealth        | |  2.6
Spellcasting   | |  7.2

Action                   |  1- 3 |  4- 6 || total
-------------------------+-------+-------++-------
Melee: Falchion          |    88 |    38 ||   126
       Bite              |     9 |     6 ||    15
Throw: Javelin           |       |     1 ||     1
  Use: Scroll            |       |     1 ||     1
 Stab: Sleeping          |     5 |       ||     5
  Eat: Chunk             |     1 |     3 ||     4
Armor: Robe              |    10 |     1 ||    11
       Scale mail        |       |     7 ||     7
       Leather armour    |       |     3 ||     3
Dodge: Dodged            |    60 |    14 ||    74
       Rpst.: Falchion   |    25 |     5 ||    30

Table legend:
 A = Non-vault XP
 B = Vault XP
 C = Vault XP percentage of total XP
 D = Non-vault monster count
 E = Vault monster count
 F = Vault count percentage of total count
                 A         B        C        D         E       F
            +---------+---------+-------+---------+---------+-------
      Total |      82 |      74 |  47.4 |      34 |      14 |  29.2
            +---------+---------+-------+---------+---------+-------
        D:1 |      29 |       0 |   0.0 |      16 |       0 |   0.0
        D:2 |      48 |      74 |  60.7 |      17 |      14 |  45.2
        D:3 |       5 |       0 |   0.0 |       1 |       0 |   0.0
            +---------+---------+-------+---------+---------+-------
